 Dungeon Crawl Stone Soup version 0.30-a0-722-g3e6e8c874d (webtiles) character file.

Game seed: 2106139466971334568

56 IdlyInterested the Cutter (level 3, -1/29 HPs)
             Began as a Demonspawn Fighter on Jan 27, 2023.
             Slain by a white imp (5 damage)
             ... on level 6 of the Dungeon.
             The game lasted 00:03:47 (1241 turns).

IdlyInterested the Cutter (Demonspawn Fighter)      Turns: 1241, Time: 00:03:47

Health: -1/29      AC: 14    Str: 16    XL:     3   Next: 71%
Magic:  3/3        EV:  4    Int: 12    God:
Gold:   86         SH:  4    Dex: 14    Spells: 2/2 levels left

rFire   + . .      SeeInvis .    j - +4 short sword of the Thing {venom, Fly rF+ Int+3 Stlth+}
rCold   . . .      Faith    .    c - +0 buckler
rNeg    . . .      Spirit   .    g - +0 plate armour
rPois   .          Reflect  .    (no helmet)
rElec   .          Harm     .    (no cloak)
rCorr   .          Rampage  .    (no gloves)
Will    .....                    h - +0 pair of boots Stlth
                                 (no amulet)
HPRegen 0.24/turn                (no ring)
MPRegen 0.08/turn                (no ring)

@: flying
A: thin metallic scales 1
a: no special abilities


You were on level 6 of the Dungeon.
You visited 1 branch of the dungeon, and saw 4 of its levels.

You collected 86 gold pieces.

Inventory:

Hand Weapons
 a - a +0 rapier
 j - the +4 short sword of the Thing (weapon) {venom, Fly rF+ Int+3 Stlth+}
   (You found it on level 3 of the Dungeon)

   Int:       It affects your intelligence (+3).
   rF:        It protects you from fire.
   Fly:       It grants you flight.
   Stlth:     It makes you more stealthy.
Missiles
 i - 20 stones (quivered)
 m - 6 datura-tipped darts
Armour
 b - a +0 scale mail
 c - a +0 buckler (worn)
 g - a +0 plate armour (worn)
 h - a +0 pair of boots (worn)
Scrolls
 k - a scroll of identify
 l - a scroll of poison
 n - a scroll of enchant weapon {unknown}
Potions
 d - a potion of might
 e - 3 potions of curing
 f - a potion of heal wounds


   Skills:
 - Level 3.0 Fighting
 * Level 3.2 Short Blades
 - Level 2.6 Armour
 + Level 1.7 Stealth
 - Level 2.6 Shields


You had 2 spell levels left.
You didn't know any spells.
Your spell library contained the following spells:

 Spells                   Type           Power      Damage    Failure   Level
 Ignite Poison            Fire/Tmut/Pois 0%         N/A       100%        3
 Sticky Flame             Conj/Fire      0%         2d3       100%        4
 Ignition                 Fire           0%         3d3       100%        8


Dungeon Overview and Level Annotations

Branches:
Dungeon (3/15)

Altars:


Innate Abilities, Weirdness & Mutations

You are partially covered in thin metallic scales. (AC +2)


Message History

You hit the white imp.
The white imp is poisoned.
The white imp is severely wounded.
You closely miss the white imp.
The white imp is severely wounded.
The white imp hits you but does no damage. x2
You closely miss the white imp.
The white imp hits you but does no damage. x2
You hit the white imp but do no damage. You block the white imp's attack.
The white imp picks up a beetle and eats it.
The white imp gestures at you.
The puff of frost hits you but does no damage.
You barely miss the white imp. You block the white imp's attack.
The white imp barely misses you.
You hit the white imp.
The white imp is heavily wounded.
You block the white imp's attack.
The white imp hits you but does no damage.
You barely miss the white imp.
The white imp is heavily wounded.
You kill the white imp!
You hit the white imp but do no damage.
The white imp is heavily wounded.
The white imp shouts, "Admit defeat, thou bawdy fob-snatching joithead!"
The white imp hits you but does no damage.
You completely miss the iguana.
The white imp hits you but does no damage.
The iguana bites you but does no damage.
You closely miss the white imp.
The white imp is heavily wounded.
You block the white imp's attack. The iguana bites you!
You hit the iguana.
The iguana is poisoned.
The iguana is lightly wounded.
You block the white imp's attack. The iguana bites you!
* * * LOW HITPOINT WARNING * * *
You hit the iguana but do no damage.
The iguana looks as sick as possible!
The iguana is lightly wounded.
The white imp hits you.
* * * LOW HITPOINT WARNING * * *
The white imp freezes you.
You die...

..............#
........####'##
........##....#
..##....#.....#
.. #....#.....#
......#.....#
......#.....#
##....# #@...#
#.....5l...#
...........#
...........#
...........#
...........#
#....#######
#....


You could see an iguana (extremely poisoned) and a white imp.

Vanquished Creatures
  A white imp (D:6)
  2 dart slugs
  5 ball pythons
  4 endoplasms (D:1)
  3 giant cockroaches
  3 hobgoblins
  2 jackals (D:1)
  6 kobolds
  A quokka (D:2)
  A bat (D:2)
  5 frilled lizards
  5 goblins
  4 rats
42 creatures vanquished.

Notes
Turn   | Place    | Note
-------+----------+-------------------------------------------
     0 | D:1      | IdlyInterested the Demonspawn Fighter began the quest for
                  | the Orb.
     0 | D:1      | Reached XP level 1. HP: 18/18 MP: 1/1
   135 | D:1      | Gained mutation: You are partially covered in thin metallic
                  | scales. (AC +2) [demonic ancestry]
   135 | D:1      | Reached XP level 2. HP: 23/24 MP: 2/2
   146 | D:1      | Reached skill level 1 in Stealth
   294 | D:1      | Reached XP level 3. HP: 29/29 MP: 3/3
  1050 | D:3      | Identified the +4 short sword of the Thing {venom, Fly rF+
                  | Int+3 Stlth+}
  1208 | D:3      | You are sucked into a shaft and drop 3 floors!
  1241 | D:6      | Slain by a white imp

Illustrated notes

Levels and vault maps discovered:
D:1:      wander_arrival_lonely_grave, layout_rooms
D:2:      layout_rooms
D:3:      layout_basic, mainiacjoe_overflow_surrounded_room, uniq_robin,
          uniq_grinder
D:6:      layout_gridville

Skill      XL: |  1  2  3 |
---------------+----------+-----
Short Blades   | 2 3 |  3.2
Stealth        | 1 |  1.7
Fighting       | |  3.0
Armour         | |  2.6
Shields        | |  2.6

Action                     || total
---------------------------++-------
  Melee: Rapier            ||   125
         Short sword       ||    19
    Use: Scroll            ||     5
 Armour: Plate armour      ||    95
         Scale mail        ||     4
  Dodge: Dodged            ||    34
  Block: Buckler           ||    27

Table legend: (Time is in decaauts)
 A = Elapsed time spent in this place.
 B = Non-inter-level travel time spent in this place.
 C = Inter-level travel time spent in this place.
 D = Time resting spent in this place.
 E = Time spent auto-exploring this place.
 F = Levels seen in this place.
 G = Mean time per level.
                   A        B        C        D        E       F      G
               +--------+--------+--------+--------+--------+-----+--------+
         Total |   1253 |   1105 |    148 |    123 |    525 |   4 |  313.2 |
       Dungeon |   1253 |   1105 |    148 |    123 |    525 |   4 |  313.2 |
               +--------+--------+--------+--------+--------+-----+--------+

Top non-repeatable levels by time:
     D:2: 592 daAuts
     D:1: 528 daAuts
     D:3: 101 daAuts
     D:6: 31 daAuts
